 Dungeon Crawl Stone Soup version 0.19.5 (webtiles) character file.

100 Gargoyl the Skirmisher (level 4, -1/40 HPs)
             Began as a Ghoul Abyssal Knight on Apr 10, 2017.
             Was a Follower of Lugonu.
             Slain by Purgy (5 damage)
             ... in a sewer.
             The game lasted 00:06:28 (2306 turns).

Gargoyl the Skirmisher (Ghoul Abyssal Knight)       Turns: 2306, Time: 00:06:29

Health: -1/40      AC:  9    Str: 12 (15) XL:     4   Next: 74%
Magic:  5/5        EV:  8    Int:  7      God:    Lugonu [*.....]
Gold:   136        SH:  5    Dex:  9      Spells: 0 memorised, 3 levels left

rFire  . . .     SeeInvis .     a - +1 hand axe
rCold  + . .     Gourm    .     l - +0 scale mail
rNeg   + + +     Faith    .     e - +2 buckler
rPois  ∞         Spirit   .     h - +0 helmet
rElec  .         Reflect  .     i - +1 cloak
rCorr  .         Harm     .     (no gloves)
MR     .....                    (no boots)
Stlth  ..........               (no amulet)
                                (no ring)
                                (no ring)

@: very slightly contaminated, rotting
A: rotting body, claws 1, carnivore 3, cold resistance 1, negative energy
resistance 3, slow regeneration 1, torment resistance, unbreathing
a: Depart the Abyss, Renounce Religion


You were in a sewer.
You worshipped Lugonu.
Lugonu was aware of your devotion.
You were not hungry.

You visited 1 branch of the dungeon, and saw 3 of its levels.
You visited the Abyss 1 time.
You also visited: Sewer.

You collected 136 gold pieces.

Inventory:

Hand Weapons
 a - a +1 hand axe (weapon)
 b - a +1 whip of electrocution
Armour
 e - a +2 buckler (worn)
 h - a +0 helmet (worn)
 i - a +1 cloak (worn)
 l - a +0 scale mail (worn)
Scrolls
 j - a scroll of identify
 n - a scroll of fear
 p - a scroll of blinking {unknown}
Books
 f - a book of Annihilations

   Spells                             Type                      Level
   a - Poison Arrow                   Conjuration/Poison           6
   b - Chain Lightning                Conjuration/Air              8
   c - Lehudib's Crystal Spear        Conjuration/Earth            8
   d - Glaciate                       Conjuration/Ice              9
   e - Fire Storm                     Conjuration/Fire             9
Comestibles
 c - 5 meat rations
 g - 5 chunks of flesh
 o - a beef jerky


   Skills:
 + Level 3.8 Fighting
 + Level 2.4 Axes
 + Level 0.5(1.5) Maces & Flails
 * Level 2.6 Armour
 + Level 1.6 Dodging
 + Level 0.1 Shields
 * Level 2.7 Invocations


You had 3 spell levels left.
You didn't know any spells.

Dungeon Overview and Level Annotations

Branches:
Dungeon (3/15)

Altars:

Annotations:
Sewer Purgy


Innate Abilities, Weirdness & Mutations

Your body is rotting away.
You thrive on raw meat.
You are immune to poison.
You have sharp fingernails.
You are carnivorous and can eat meat at any time.
Your flesh is cold resistant. (rC+)
You are immune to negative energy. (rN+++)
You regenerate slowly when monsters are visible.
You are immune to unholy pain and torment.
You can survive without breathing.


Message History

Purgy bites you but does no damage. Purgy claws you.
* * * LOW HITPOINT WARNING * * *
Purgy claws you but does no damage.
You hit Purgy.
Purgy is almost dead.
Purgy bites you.
* * * LOW HITPOINT WARNING * * *
Purgy claws you but does no damage. Purgy misses you.
You hit Purgy.
Purgy is almost dead.
Purgy bites you but does no damage. You block Purgy's attack.
Purgy claws you but does no damage. Purgy bites you.
* * * LOW HITPOINT WARNING * * *
Purgy claws you.
* * * LOW HITPOINT WARNING * * *
Purgy claws you but does no damage.
You barely miss Purgy.
Purgy is almost dead.
Purgy bites you.
You die...

###### ### ##......##
#)? ###..........###
#$.##..... #.≈≈..##
###.≈≈.≈# #≈....
#.....≈## ##≈..≈
#.@T..### ###.....
#?.##.....####≈.≈..##
#$ ###....≈.≈...### #
###.≈....### ########


You could see Purgy.

Vanquished Creatures
  Crazy Yiuf (D:2)
  Ijyb (D:2)
  2 dart slugs
  2 orcs
  6 goblins
  12 hobgoblins
  2 jackals (Sewer)
  3 bats
  5 frilled lizards
  6 kobolds
  3 rats
43 creatures vanquished.

Notes
Turn   | Place    | Note
-------+----------+-------------------------------------------
     0 | Abyss:1  | Gargoyl the Ghoul Abyssal Knight began the quest for the Orb.
     0 | Abyss:1  | Reached XP level 1. HP: 19/19 MP: 1/1
    44 | Abyss:2  | Noticed a spatial vortex
    52 | Abyss:2  | Noticed a neqoxec
    54 | D:1      | Escaped the Abyss
   262 | D:1      | Reached XP level 2. HP: 21/26 MP: 2/2
   460 | D:1      | Reached skill level 1 in Dodging
   486 | D:1      | Reached * piety under Lugonu
   589 | D:1      | Reached XP level 3. HP: 28/31 MP: 3/3
  1233 | D:2      | Noticed Ijyb
  1252 | D:2      | Killed Ijyb
  1252 | D:2      | Reached XP level 4. HP: 31/40 MP: 4/4
  1741 | D:2      | Found a runed door.
  1745 | D:2      | Noticed Crazy Yiuf
  1755 | D:2      | Killed Crazy Yiuf
  2161 | D:3      | Found a glowing drain.
  2169 | Sewer    | Entered a sewer
  2234 | Sewer    | Noticed Purgy
  2306 | Sewer    | Slain by Purgy

Skill      XL: |  1  2 |
---------------+-------+-----
Armour         | 2 |  2.6
Dodging        | 1 |  1.6
Axes           | 2 |  2.4
Fighting       | |  3.8
Maces & Flails | |  0.5
Shields        | |  0.1
Invocations    | |  2.7

Action                   |  1- 3 |  4- 6 || total
-------------------------+-------+-------++-------
Melee: Hand axe          |    70 |    99 ||   169
       Whip              |    77 |       ||    77
Invok: Depart the Abyss  |     1 |       ||     1
  Use: Scroll            |     6 |     1 ||     7
       Potion            |       |     5 ||     5
 Stab: Invisible         |       |     2 ||     2
  Eat: Chunk             |    22 |     7 ||    29
Armor: Leather armour    |    26 |       ||    26
       Scale mail        |    12 |   111 ||   123
Dodge: Dodged            |    84 |    86 ||   170
Block: Buckler           |    30 |    56 ||    86
